 Dungeon Crawl Stone Soup version 0.29-a0-613-gf2c431b9b9 (webtiles) character file.

Game seed: 11464925850182165314

4958 pascalblue the Destroyer (level 10, -3/50 HPs)
             Began as a Deep Elf Conjurer on June 16, 2022.
             Was a Priest of Vehumet.
             Killed from afar by an oklob plant (26 damage)
             ... with a splash of acid
             ... on level 8 of the Dungeon.
             The game lasted 00:37:48 (8505 turns).

pascalblue the Destroyer (Deep Elf Conjurer)        Turns: 8505, Time: 00:37:51

Health: -3/50      AC:  4    Str:  4    XL:     10   Next: 28%
Magic:  22/26      EV: 12    Int: 28    God:    Vehumet [***...]
Gold:   638        SH:  0    Dex: 13    Spells: 8/29 levels left

rFire   x . .      SeeInvis +   j - +2 dagger (distort)
rCold   + . .      Faith    .   (no shield)
rNeg    . . .      Spirit   .   D - +0 steam dragon scales
rPois   .          Reflect  .   i - +2 helmet
rElec   .          Harm     .   (no cloak)
rCorr   .          Rampage  .   (no gloves)
Will    +....                   (no boots)
Stlth   ++........              m - amulet of magic regeneration
HPRegen 0.16/turn               w - ring of see invisible
MPRegen 0.60/turn               k - ring of ice

@: corroded
A: no striking features
a: Renounce Religion


You were on level 8 of the Dungeon.
You worshipped Vehumet.
Vehumet was most pleased with you.
You visited 2 branches of the dungeon, and saw 9 of its levels.
You also visited: Bailey.

You collected 638 gold pieces.

Inventory:

Hand Weapons
 c - a +0 dagger of protection
 j - a +2 dagger of distortion (weapon)
 B - the +8 scimitar "Attyqe" {vamp, rElec}
   (You found it in a bailey)

   It occasionally heals its wielder for a portion of the damage dealt when it
   wounds a living foe.
   rElec:     It insulates you from electricity.
Missiles
 b - 2 throwing nets
 l - 3 curare-tipped darts
 q - 4 javelins
 A - 2 atropa-tipped darts
Armour
 a - a +2 robe
 i - a +2 helmet (worn)
 n - an orb of wrath
 D - +0 steam dragon scales (worn)
Jewellery
 k - a ring of ice (right hand)
 m - an amulet of magic regeneration (around neck)
 p - an amulet of faith
 u - a ring of protection from fire
 w - a ring of see invisible (left hand)
Scrolls
 d - a scroll of fog
 r - 4 scrolls of teleportation
 s - 2 scrolls of amnesia
 y - a scroll of blinking
Potions
 e - a potion of resistance {unknown}
 f - 2 potions of flight
 g - 5 potions of curing
 h - a potion of berserk rage
 o - a potion of mutation
 t - 2 potions of cancellation
 v - 16 potions of degeneration
 x - 2 potions of lignification
 z - 2 potions of attraction
 C - a potion of brilliance {unknown}


   Skills:
 - Level 2.4 Dodging
 - Level 2.4 Stealth
 + Level 10.0 Spellcasting
 + Level 10.9 Conjurations
 - Level 8.0 Hexes
 - Level 1.0 Summonings
 - Level 1.0 Translocations
 - Level 8.0 Ice Magic


You had 8 spell levels left.
You knew the following spells:

 Your Spells              Type           Power      Damage    Failure   Level
a - Magic Dart            Conj           100%       1d8       1%          1
b - Searing Ray           Conj           100%       2d8       1%          2
c - Frozen Ramparts       Ice            100%       1d12      1%          3
d - Call Imp              Summ           19%        N/A       4%          2
e - Fulminant Prism       Conj/Hex       30%        3d16      1%          4
f - Cause Fear            Hex            28%        N/A       1%          4
g - Iskenderun's Mystic   Conj/Tloc      47%        2d10      1%          4
h - Freeze                Ice            100%       1d11      1%          1

Your spell library contained the following spells:

 Spells                   Type           Power      Damage    Failure   Level
 Ignite Poison            Fire/Tmut/Pois 14%        N/A       3%          3
 Dazzling Flash           Conj/Hex       100%       N/A       1%          3
 Inner Flame              Hex/Fire       36%        N/A       1%          3
 Summon Guardian Golem    Hex/Summ       39%        N/A       1%          3
 Summon Ice Beast         Ice/Summ       56%        N/A       6%          4
 Gell's Gravitas          Tloc           19%        N/A       8%          3
 Lesser Beckoning         Tloc           19%        N/A       8%          3
 Ice Form                 Ice/Tmut       53%        N/A       8%          4
 Summon Lightning Spire   Summ/Air       16%        N/A       32%         4
 Summon Forest            Summ/Tloc      9%         N/A       58%         5
 Summon Cactus Giant      Summ           9%         N/A       99%         6
 Haunt                    Necr/Summ      8%         N/A       100%        7
 Discord                  Hex            28%        N/A       100%        8


Dungeon Overview and Level Annotations

Branches:
Dungeon (8/15)             Temple (1/1) D:5          Bailey (visited)
   Lair: D:8-11

Altars:
Cheibriados
Dithmenos
Elyvilon
Fedhas
Gozag
Hepliaklqana
Kikubaaqudgha
Makhleb
Nemelex Xobeh
Qazlal
Ru
Sif Muna
Trog
Uskayaw
Vehumet
Wu Jian
Yredelemnul
Zin
The Shining One

Annotations:
D:8 exclusion: oklob plant


Message History

You start resting.
HP restored.
Really walk into a travel-excluded area?
The oklob plant spits acid at you. The splash of acid hits you!!
Things that are here:
a +0 hand axe; a boomerang; an orc corpse
Casting: Magic Dart (safe; 1% risk of failure)
Confirm with . or Enter, or press ? or * to list all spells.
Aiming: Fulminant Prism (safe; 1% risk of failure)
Press: ? - help, Dir - move target You conjure a prism of explosive energy!
A fulminant prism comes into view.
The oklob plant spits acid at you. The splash of acid hits you!
* * * LOW HITPOINT WARNING * * *
Okay, then.
Your fulminant prism crackles loudly.
You hear an explosion!
You start resting.
Magic restored.
You start resting.
HP restored.
Really walk into a travel-excluded area?
The oklob plant spits acid at you. The splash of acid hits you!!
Ouch! That really hurt!
The acid corrodes you!
Things that are here:
a +0 hand axe; a boomerang; an orc skeleton
Casting: Fulminant Prism (safe; 1% risk of failure)
Confirm with . or Enter, or press ? or * to list all spells.
Aiming: Fulminant Prism (safe; 1% risk of failure)
Press: ? - help, Dir - move target You conjure a prism of explosive energy!
A fulminant prism comes into view.
The oklob plant spits acid at you. The splash of acid hits you!!
Ouch! That really hurt!
You die...

#.##......< #.##.##.##.
########.##.##.##.
#..............##.
#.#########.###### #.#
#.# #.# #.# # #.# ##.##
# #@# #.#.# # #....)...#
####.## #
#............#.....# #
...............###.#####
........).*.... #[..[.)
.............$. #.###.#
$......PP...... #.###.#
.....PP........ #...#)#
#.###)#


You could see an oklob plant (ally target) and a friendly fulminant prism.

Vanquished Creatures
  An orc knight (Bailey)
  Sigmund (D:2)
  2 wyverns
  2 steam dragons
  Edmund (D:5)
  A floating eye (D:8)
  3 water moccasins (D:7)
  A sky beast (D:7)
  A black bear (D:6)
  5 orc warriors
  5 centaurs
  2 ogres
  4 phantoms
  A kobold brigand (D:8)
  4 bullfrogs
  2 gnoll sergeants
  3 scorpions
  4 wights (D:6)
  2 howler monkeys (D:7)
  A hound (D:7)
  3 jellies
  Terence (D:2)
  Jessica (D:2)
  6 iguanas
  Natasha (thrice) (D:3)
  5 orc wizards
  10 gnolls
  15 adders
  A shadow imp (D:6)
  A worm (D:3)
  2 dart slugs
  41 orcs
  8 endoplasms
  2 giant cockroaches (D:4)
  6 goblins
  10 hobgoblins
  5 quokkas
  9 ball pythons
  5 bats
  12 kobolds
  5 rats
197 creatures vanquished.

Vanquished Creatures (others)
  13 fulminant prisms
  8 plants (D:8)
21 creatures vanquished.

Grand Total: 218 creatures vanquished

Notes
Turn   | Place    | Note
-------+----------+-------------------------------------------
     0 | D:1      | pascalblue the Deep Elf Conjurer began the quest for the
                  | Orb.
     0 | D:1      | Reached XP level 1. HP: 10/10 MP: 6/6
   291 | D:1      | Identified a scroll of acquirement
   291 | D:1      | Acquired the Almanac of the Entourage and Translocation
   516 | D:1      | Reached XP level 2. HP: 15/15 MP: 6/8
   600 | D:1      | Reached skill level 5 in Conjurations
  1030 | D:2      | Reached XP level 3. HP: 19/19 MP: 7/9
  1229 | D:2      | Noticed Terence
  1236 | D:2      | Learned a level 2 spell: Searing Ray
  1240 | D:2      | Learned a level 3 spell: Frozen Ramparts
  1260 | D:2      | Killed Terence
  1261 | D:2      | Reached XP level 4. HP: 11/24 MP: 6/11
  1436 | D:2      | Noticed Jessica
  1439 | D:2      | Killed Jessica
  1600 | D:2      | Noticed Sigmund
  1611 | D:2      | Killed Sigmund
  1612 | D:2      | Reached skill level 1 in Ice Magic
  1612 | D:2      | Reached XP level 5. HP: 20/28 MP: 4/12
  1612 | D:2      | Reached XP level 6. HP: 23/32 MP: 4/13
  1852 | D:2      | Learned a level 2 spell: Call Imp
  1857 | D:2      | Learned a level 4 spell: Fulminant Prism
  2081 | D:3      | Noticed Natasha
  2099 | D:3      | Killed Natasha
  2100 | D:3      | Reached skill level 1 in Hexes
  2240 | D:3      | Noticed Natasha
  2246 | D:3      | Killed Natasha
  2282 | D:3      | Found a faded altar of an unknown god.
  2652 | D:3      | Noticed Natasha
  2656 | D:3      | Killed Natasha
  2895 | D:4      | Reached XP level 7. HP: 28/36 MP: 9/15
  3330 | D:4      | Reached skill level 5 in Spellcasting
  3927 | D:5      | Entered Level 5 of the Dungeon
  4077 | D:5      | Found a staircase to the Ecumenical Temple.
  4102 | D:5      | Reached skill level 5 in Hexes
  4102 | D:5      | Reached XP level 8. HP: 40/41 MP: 12/18
  4114 | Temple   | Entered the Ecumenical Temple
  4234 | Temple   | Became a worshipper of Vehumet
  4442 | D:5      | Reached skill level 5 in Ice Magic
  4944 | D:5      | Noticed Edmund
  4956 | D:5      | Killed Edmund
  5531 | D:6      | Reached * piety under Vehumet
  5531 | D:6      | Offered knowledge of Freeze by Vehumet.
  5532 | D:6      | Reached XP level 9. HP: 38/45 MP: 11/20
  5590 | D:6      | Learned a level 4 spell: Cause Fear
  5595 | D:6      | Learned a level 4 spell: Iskenderun's Mystic Blast
  6012 | D:6      | Found a sacrificial altar of Ru.
  6089 | D:6      | Reached skill level 1 in Summonings
  6089 | D:6      | Reached skill level 1 in Translocations
  6285 | D:6      | Learned a level 1 spell: Freeze
  6378 | D:7      | Found a hazy altar of Hepliaklqana.
  7139 | D:7      | Reached ** piety under Vehumet
  7140 | D:7      | Reached skill level 10 in Conjurations
  7165 | D:7      | Offered knowledge of Static Discharge by Vehumet.
  7167 | D:7      | Found a hide-covered altar of Uskayaw.
  7603 | D:8      | Reached XP level 10. HP: 50/50 MP: 22/25
  7717 | D:8      | Found a flagged portal.
  7737 | Bailey   | Entered a bailey
  7827 | Bailey   | Offered knowledge of Ignite Poison by Vehumet.
  7913 | Bailey   | Noticed an orc knight
  7923 | Bailey   | Killed an orc knight
  7923 | Bailey   | Reached *** piety under Vehumet
  7987 | Bailey   | Identified the +8 scimitar "Attyqe" {vamp, rElec}
  8103 | D:8      | Paralysed by a floating eye for 3 turns
  8108 | D:8      | Reached skill level 10 in Spellcasting
  8108 | D:8      | Noticed an oklob plant
  8505 | D:8      | Killed from afar by an oklob plant

Illustrated notes

Levels and vault maps discovered:
D:1:      erik_arrival_triangle_huge, layout_rooms, serial_rivers,
          chequers_serial_rivers_marsh, chequers_serial_rivers_large_b,
          chequers_serial_rivers_small_b, chequers_serial_rivers_marsh,
          chequers_serial_rivers_micro_b, chequers_serial_rivers_micro_b
D:2:      layout_rooms, kennysheep_decorative_pillar, uniq_terence,
          uniq_jessica, uniq_sigmund
D:3:      layout_basic, ebering_ecumenical_altar_rust,
          ebering_dispersal_statue_hall, nicolae_concentric_dashed_squares_mild,
          minmay_fractal_squares_diagonal_5, uniq_natasha
D:4:      layout_basic, chequers_serial_rivers_micro_d, minmay_vboxes
D:5:      layout_gridville, minmay_temple_entry_waves, uniq_edmund
D:6:      layout_basic, mainiacjoe_overflow_brackets
D:7:      minmay_recursive_quarters, layout_rooms,
          mainiacjoe_overflow_catwalk_spiral
D:8:      layout_loops_cross, enter_bailey_7, disabler_island
Temple:   dpeg_five_rooms_temple

Skill      XL: |  1  2  3  4  5  6  7  8  9 10 |
---------------+-------------------------------+-----
Conjurations   | 5 6 7 8 10 | 10.9
Ice Magic      | 1 2 4 6 8 |  8.0
Spellcasting   | 4 5 6 9 10 | 10.0
Hexes          | 2 5 7 8 |  8.0
Summonings     | 1 |  1.0
Translocations | 1 |  1.0
Dodging        | |  2.4
Stealth        | |  2.4

Action                   |  1- 3 |  4- 6 |  7- 9 | 10-12 || total
-------------------------+-------+-------+-------+-------++-------
Melee: Dagger            |       |     7 |     2 |     1 ||    10
 Cast: Magic Dart        |    43 |    57 |   164 |    49 ||   313
       Searing Ray       |     3 |    12 |    44 |    10 ||    69
       Frozen Ramparts   |       |       |     6 |     1 ||     7
       Call Imp          |       |       |     1 |       ||     1
       Fulminant Prism   |       |       |     8 |     6 ||    14
       Freeze            |       |       |       |     6 ||     6
       Cause Fear        |       |       |       |     2 ||     2
  Use: Scroll            |     6 |     1 |    16 |       ||    23
       Potion            |     1 |       |     2 |       ||     3
Armor: Robe              |     2 |     5 |    25 |       ||    32
       Steam dragon scal |       |       |     2 |     6 ||     8
Dodge: Dodged            |    11 |    16 |    63 |    21 ||   111

Table legend: (Time is in decaauts)
 A = Elapsed time spent in this place.
 B = Non-inter-level travel time spent in this place.
 C = Inter-level travel time spent in this place.
 D = Time resting spent in this place.
 E = Time spent auto-exploring this place.
 F = Levels seen in this place.
 G = Mean time per level.
                   A        B        C        D        E       F      G
               +--------+--------+--------+--------+--------+-----+--------+
         Total |   8530 |   8359 |    171 |   1368 |   5282 |  10 |  853.0 |
       Dungeon |   8023 |   7878 |    145 |   1368 |   5113 |   8 | 1002.9 |
        Temple |    206 |    180 |     26 |      0 |    169 |   1 |  206.0 |
        Bailey |    300 |    300 |      0 |      0 |      0 |   1 |  300.0 |
               +--------+--------+--------+--------+--------+-----+--------+

Top non-repeatable levels by time:
     D:7: 1260 daAuts
     D:6: 1132 daAuts
     D:4: 1049 daAuts
     D:5: 1028 daAuts
     D:3: 1005 daAuts
     D:2: 1000 daAuts
     D:1: 897 daAuts
     D:8: 648 daAuts
  Bailey: 300 daAuts
  Temple: 206 daAuts
